 Dungeon Crawl Stone Soup version 0.19-a0-1834-g6b7851e (webtiles) character file.

245 hurricos the Cutter (level 6, -2/30 HPs)
             Began as a Vine Stalker Gladiator on Oct 9, 2016.
             Was an Initiate of Trog.
             Slain by an orc priest
             ... wielding a +0 whip
              (7 damage)
             ... on level 5 of the Dungeon.
             The game lasted 00:01:48 (1902 turns).

hurricos the Cutter (Vine Stalker Gladiator)        Turns: 1902, Time: 00:01:48

Health: -2/30      AC:  6    Str: 17    XL:     6   Next: 10%
Magic:  0/7        EV: 13    Int:  8    God:    Trog [......]
Gold:   151        SH:  0    Dex: 17    Spells: 0 memorised, 5 levels left

rFire  . . .     SeeInvis .     a - +0 rapier
rCold  + . .     Gourm    .     n - +2 robe {rC+}
rNeg   . . .     Faith    .     (no shield)
rPois  .         Spirit   +     c - +0 helmet
rElec  .         Dismiss  .     (no cloak)
rCorr  .         Reflect  .     (no gloves)
MR     .....     Harm     .     q - +0 pair of boots
Stlth  ++........               (no amulet)
                                (no ring)
                                (no ring)

@: very slightly contaminated
A: fangs 2, regeneration 1, magic shield, antimagic bite, no device heal 3, rot
immunity
a: Burn Spellbooks, Renounce Religion


You were on level 5 of the Dungeon.
You worshipped Trog.
Trog was noncommittal.
You were not hungry.

You visited 1 branch of the dungeon, and saw 4 of its levels.

You collected 151 gold pieces.

Inventory:

Hand Weapons
 a - a +0 rapier (weapon)
Missiles
 d - 3 throwing nets (quivered)
Armour
 b - a +0 leather armour
 c - a +0 helmet (worn)
 n - a +2 robe of cold resistance (worn)
 p - a +0 leather armour
 q - a +0 pair of boots (worn)
Wands
 g - a wand of polymorph (7/24)
Scrolls
 f - a scroll of noise
 i - a scroll of magic mapping {unknown}
 j - a scroll of teleportation {unknown}
 k - 3 scrolls of enchant weapon {unknown}
 l - a scroll of identify {unknown}
 r - 3 scrolls of immolation {unknown}
Potions
 e - a potion of degeneration {unknown}
 o - a potion of cure mutation {unknown}
 s - 2 potions of mutation {unknown}
 t - a potion of brilliance {unknown}
Comestibles
 h - 2 chunks of flesh
 m - 2 meat rations


   Skills:
 - Level 1.7 Fighting
 + Level 6.0 Short Blades
 - Level 1.7 Throwing
 - Level 2.4 Dodging


You had 5 spell levels left.
You didn't know any spells.

Dungeon Overview and Level Annotations

Branches:
Dungeon (3/15)

Altars:
Elyvilon
Trog
Uskayaw
Xom

Shops:
D:5 %


Innate Abilities, Weirdness & Mutations

You have extremely sharp teeth.
Your natural rate of healing is unusually fast.
When hurt, damage is shared between your health and your magic reserves.
Your bite disrupts and absorbs the magic of your enemies.
Potions and wands cannot restore your health.
You are immune to rotting.


Message History

The orc priest is heavily wounded.
The orc priest barely misses you. The orc closely misses you.
The orc wizard barely misses you.
Unknown command.
You hit the orc priest. Your bite misses the orc priest.
The orc priest is severely wounded.
The orc priest begins to cast a cantrip, but forgets the words!
Unknown command.
You closely miss the orc priest.
You bite the orc priest, but do no damage.
The orc priest is severely wounded.
The orc wizard barely misses you. The orc hits you with a club.
* * * LOW HITPOINT WARNING * * *
The orc priest hits you but does no damage.
You hit the orc priest but do no damage.
Your bite misses the orc priest.
The orc priest is severely wounded.
The orc wizard closely misses you. The orc hits you but does no damage.
The orc priest hits you with a whip!
You die...

#.....# #.....#
#[....###+##
#...........
+...........
#........... #######
#!..oo......
#.....#+####...@o......
#......).....#######+##
##.........)..#
..............#
..............+
..#'###.......#
..+...#.......#
..#...#########
..#.....


You could see an orc priest, an orc wizard and an orc.

Vanquished Creatures
  Duvessa (D:5)
  Dowan (D:5)
  A worker ant (D:3)
  Terence (D:3)
  3 adders
  A leopard gecko (D:3)
  An orc (D:3)
  2 ball pythons
  3 giant cockroaches (D:1)
  2 goblins
  3 hobgoblins
  3 bats
  5 frilled lizards
  4 kobolds
  A leopard gecko skeleton (D:5)
  3 rats
35 creatures vanquished.

Notes
Turn   | Place    | Note
-------+----------+-------------------------------------------
     0 | D:1      | hurricos the Vine Stalker Gladiator began the quest for the Orb.
     0 | D:1      | Reached XP level 1. HP: 11/11 MP: 2/2
   233 | D:1      | Reached skill level 3 in Short Blades
   278 | D:1      | Reached XP level 2. HP: 12/15 MP: 3/3
   956 | D:2      | Reached XP level 3. HP: 17/18 MP: 4/4
  1100 | D:3      | Reached skill level 4 in Short Blades
  1109 | D:3      | Found a bloodstained altar of Trog.
  1122 | D:3      | Found a shimmering altar of Xom.
  1186 | D:3      | Became a worshipper of Trog the Wrathful
  1306 | D:3      | Gained mutation: Your natural rate of healing is unusually fast. [Vine Stalker growth]
  1306 | D:3      | Reached XP level 4. HP: 4/23 MP: 1/5
  1369 | D:3      | Found a white marble altar of Elyvilon.
  1670 | D:3      | Noticed Terence
  1679 | D:3      | Killed Terence
  1708 | D:3      | Found a hide-covered altar of Uskayaw.
  1768 | D:3      | You fall through a shaft for 2 floors!
  1768 | D:5      | Entered Level 5 of the Dungeon
  1810 | D:5      | Found Vutrus's Food Emporium.
  1828 | D:5      | Noticed Duvessa
  1828 | D:5      | Noticed Dowan
  1847 | D:5      | Killed Duvessa
  1847 | D:5      | Reached skill level 5 in Short Blades
  1847 | D:5      | Reached XP level 5. HP: 19/26 MP: 4/6
  1853 | D:5      | Killed Dowan
  1853 | D:5      | Reached skill level 6 in Short Blades
  1853 | D:5      | Reached XP level 6. HP: 25/30 MP: 4/7
  1902 | D:5      | Slain by an orc priest

Vault maps used:
D:1:      roderic_dead_forest
D:2:      ecumenical_altar_2
D:3:      nicolae_overflow_hidden_temple, lemuel_crystal_altar,
          amethyst_overflow_temple_binary, elyvilon_altar_1, uniq_terence,
          uniq_natasha
D:5:      serial_shops, shop_statue, shop, shop, nicolae_shop_statue_plus,
          first_bread, yredelemnul_altar_generic, uniq_edmund, uniq_pikel,
          uniq_duvessa

Skill      XL: |  1  2  3  4  5 |
---------------+----------------+-----
Short Blades   | 3 4 5 6 |  6.0
Fighting       | |  1.7
Throwing       | |  1.7
Dodging        | |  2.4

Action                   |  1- 3 |  4- 6 || total
-------------------------+-------+-------++-------
Melee: Rapier            |    79 |    36 ||   115
       Bite              |    17 |    12 ||    29
       Unarmed           |     6 |    12 ||    18
Invok: Burn Spellbooks   |       |     1 ||     1
  Use: Potion            |     1 |       ||     1
       Scroll            |       |     3 ||     3
 Stab: Sleeping          |     1 |     1 ||     2
       Confused          |       |     1 ||     1
  Eat: Bread ration      |     1 |       ||     1
Armor: Leather armour    |    21 |     5 ||    26
       Skin              |     6 |     2 ||     8
       Robe              |       |     2 ||     2
Dodge: Dodged            |    47 |    25 ||    72
